Construct Section Command Post
Selects Heavy Armor Battlegroup
Selects Rigorous Vehicle Training
Construct Platoon Command Post
Selects Light Vehicle Withdraw and Refit
Light Vehicle Withdraw and Refit
Construct Field Infirmary
6-pounder Anti-tank Gun Team
Selects Forward Repair Assembly
6-pounder Anti-tank Gun Team
Construct Company Command Post
Selects UNKNOWN (2162094)
Selects Designate Targets
Unlock Towed 17-pounder Anti-tank Guns
17-pounder Anti-tank Gun Team
17-pounder Anti-tank Gun Team